 Dungeon Crawl Stone Soup version 0.28.0-43-g3370ac3207 (console) character file.

Game seed: 6537123951380456360

77 Zeor the Skirmisher (level 4, 0/35 HPs)
             Began as a Djinni Cinder Acolyte on Mar 26, 2022.
             Was a High Priest of Ignis.
             Slain by a goblin
             ... wielding a +0 dagger
             ... led by Robin
              (5 damage)
             ... on level 2 of the Dungeon.
             The game lasted 00:05:01 (2238 turns).

Zeor the Skirmisher (Djinni Cinder Acolyte)         Turns: 2238, Time: 00:05:01

Health: 0/35       AC: 10    Str: 11 (13) XL:     4   Next: 58%
Gold:   33         EV: 11    Int: 15 (17) God:    Ignis [*****.] SH:  0 Dex:  6 (9)

rFire   + + +      SeeInvis .   a - -1 spear (flame)
rCold   . . .      Faith    .   (no shield)
rNeg    . . .      Spirit   .   b - +0 robe
rPois   ∞          Reflect  .   (no helmet)
rElec   .          Harm     .   f - +0 cloak
rCorr   .          Rampage  .   (no gloves)
Will    .....                   (boots unavailable)
Stlth   +.........              (no amulet)
HPRegen 0.11/turn               h - ring of protection from cold
MPRegen 0.00/turn               (no ring)

@: fiery-armoured, flying
A: sickness immunity, fire resistance 2, cold vulnerability 1, float, innate
caster, HP casting, extra vitality 1
a: Renounce Religion, Fiery Armour, Foxfire Swarm, Rising Flame


You were on level 2 of the Dungeon.
You worshipped Ignis.
Ignis was extremely pleased with you.
You visited 1 branch of the dungeon, and saw 2 of its levels.

You collected 33 gold pieces.

Inventory:

Hand Weapons
 a - a -1 spear of flaming (weapon)
Missiles
 e - 37 arrows
Armour
 b - a +0 robe (worn)
 f - a +0 cloak (worn)
Jewellery
 c - a ring of ice
 d - a ring of fire
 h - a ring of protection from cold (left hand)
Scrolls
 g - a scroll of identify


   Skills:
 + Level 3.3 Fighting
 + Level 2.9 Polearms
 + Level 0.5 Dodging
 + Level 0.2 Stealth
 * Level 3.3 Spellcasting


You had 6 spell levels left.
You knew the following spells:

 Your Spells              Type           Power      Damage    Failure   Level
a - Scorch                Fire           24%        2d6       8%          2
b - Beastly Appendage     Tmut           24%        N/A       4%          1
Your spell library was empty.

Dungeon Overview and Level Annotations

Branches:
Dungeon (2/15)

Altars:

Annotations:
D:2 Robin, Terence


Innate Abilities, Weirdness & Mutations

You are immune to sickness and miasma.
You are immune to poison.
Your flesh is very heat resistant. (rF++)
You are vulnerable to cold. (rC-)
You float through the air rather than walking.
You learn spells naturally, not from books.
Your magical power is your life essence.
You have superior vitality. (+4 MHP)


Message History

You kill the goblin!
A goblin comes into view. It is wielding a +0 dagger.
Robin throws the goblin at you!
Terence the Incautious comes into view.
He is wielding a +0 hand axe.
You barely miss the goblin. The goblin hits you with a +0 dagger.
The goblin hits you but does no damage.
You hit the goblin. You burn the goblin.
The goblin is severely wounded.
The goblin hits you with a +0 dagger. The goblin barely misses you.
A worm comes into view.
You closely miss the goblin.
The goblin is severely wounded.
The goblin closely misses you. The goblin barely misses you.
A protective cloak of flame settles atop you.
The goblin hits you with a +0 dagger.
* * * LOW HITPOINT WARNING * * *
The goblin is burned by your cloak of flames.
You kill the goblin!
The goblin hits you with a +0 club.
* * * LOW HITPOINT WARNING * * *
The goblin is burned by your cloak of flames.
You kill the goblin!
Robin throws the goblin at you!
* * * LOW HITPOINT WARNING * * *
Things that are here:
a +0 dagger; a goblin corpse Unknown command.
You closely miss the goblin. The goblin misses you.
You hit the goblin. You burn the goblin.
You kill the goblin!
The hobgoblin completely misses you.
Okay, then.
It was a potion of degeneration.
There was something very wrong with that liquid.
You feel weakened.
You feel dopey.
You feel clumsy. The hobgoblin barely misses you.
Robin throws the goblin at you!
You hit the hobgoblin. You burn the hobgoblin.
The hobgoblin is moderately wounded.
The goblin hits you with a +0 dagger.
You die...

▒▒∙▒▒∙▒▒∙▒▒▒▒ ▒∙∙▒∙▒▒∙▒
▒∙∙▒∙▒▒∙▒ ▒∙∙∙∙▒▒∙▒▒▒
▒∙▒∙∙∙∙∙∙∙∙ ▒∙▒∙▒▒▒∙▒▒▒▒ ∙
▒▒▒▒∙∙∙∙)∙∙∙∙∙∙ ∙∙∙
∙∙∙▒▒▒÷▒▒▒∙▒▒▒▒▒▒▒▒▒▒w∙∙∙∙


∙∙∙∙∙∙∙∙∙∙∙∙∙∙∙gRggSgg@∙∙∙ ∙∙∙▒▒▒▒∙▒▒∙▒▒▒▒▒▒▒▒▒▒∙∙∙∙∙ ∙∙∙▒ ▒∙∙▒∙▒ ∙∙∙ ∙∙∙▒
▒▒∙▒∙▒ ∙ ∙∙∙▒ ▒∙∙∙▒ ∙∙∙▒ ▒▒∙∙▒ ∙∙∙▒ ▒∙∙▒ ∙∙∙▒ ▒▒>▒ ▒∙▒ You could see Terence, a
worm, Robin, a hobgoblin (strong), 3 goblins and a ball python.

Vanquished Creatures
  2 adders (D:2)
  3 bats
  4 endoplasms
  A giant cockroach (D:2)
  8 hobgoblins
  9 jackals (D:1)
  A quokka (D:1)
  2 ball pythons (D:1)
  5 frilled lizards
  14 goblins
49 creatures vanquished.

Notes
Turn   | Place    | Note
-------+----------+-------------------------------------------
     0 | D:1      | Zeor the Djinni Cinder Acolyte began the quest for the Orb.
     0 | D:1      | Reached XP level 1. HP: 20/20 MP: 0/0
    79 | D:1      | Reached XP level 2. HP: 19/25 MP: 0/0
   513 | D:1      | Reached XP level 3. HP: 19/30 MP: 0/0
   513 | D:1      | Learned a level 1 spell: Beastly Appendage
  1986 | D:2      | Reached XP level 4. HP: 27/35 MP: 0/0
  2225 | D:2      | Noticed Robin
  2229 | D:2      | Noticed Terence
  2238 | D:2      | Slain by a goblin

Illustrated notes

Levels and vault maps discovered:
D:1:      matt_arrival_diagonals, layout_basic, minmay_crystal_water
D:2:      layout_basic, hellmonk_ecumenical_altar_pennies_from_heaven,
          minmay_misc_feat_cross, uniq_terence, uniq_robin

Skill      XL: |  1  2  3 |
---------------+----------+-----
Spellcasting   | 3 |  3.3
Fighting       | |  3.3
Polearms       | |  2.9
Dodging        | |  0.5
Stealth        | |  0.2

Action                   |  1- 3 |  4- 6 || total
-------------------------+-------+-------++-------
Melee: Spear             |    62 |    17 ||    79
 Cast: Scorch            |    27 |     8 ||    35
Invok: Fiery Armour      |       |     1 ||     1
  Use: Scroll            |     5 |       ||     5
       Potion            |       |     1 ||     1
Armor: Robe              |     9 |     5 ||    14
Dodge: Dodged            |    28 |    11 ||    39
